 Dungeon Crawl Stone Soup version 0.30-a0-297-g0ec75d9ef4 (webtiles) character file.

Game seed: 16919864480909765569

164 Devinter the Shooter (level 5, 0/29 HPs)
             Began as a Deep Elf Hexslinger on Oct 18, 2022.
             Slain by Ijyb
             ... wielding a +4 dagger of speed
              (8 damage)
             ... on level 3 of the Dungeon.
             The game lasted 00:13:18 (1691 turns).

Devinter the Shooter (Deep Elf Hexslinger)          Turns: 1691, Time: 00:13:19

Health: 0/29       AC:  8    Str:  7    XL:     5   Next: 21%
Magic:  13/13      EV: 13    Int: 18    God:
Gold:   149        SH:  0    Dex: 17    Spells: 4/12 levels left

rFire   . . .      SeeInvis .    a - +1 sling
rCold   . . .      Faith    .    (no shield)
rNeg    . . .      Spirit   .    c - +0 robe
rPois   .          Reflect  .    (no helmet)
rElec   .          Harm     .    (no cloak)
rCorr   .          Rampage  .    f - +1 pair of gloves
Will    .....                    (no boots)
Stlth   ++........               (no amulet)
HPRegen 0.24/turn                e - +4 ring of protection
MPRegen 0.13/turn                (no ring)

@: no status effects
A: no striking features
a: no special abilities


You were on level 3 of the Dungeon.
You visited 1 branch of the dungeon, and saw 4 of its levels.

You collected 149 gold pieces.

Inventory:

Hand Weapons
 a - a +1 sling (weapon)
Missiles
 h - 3 curare-tipped darts
Armour
 c - a +0 robe (worn)
 f - a +1 pair of gloves (worn)
Jewellery
 e - a +4 ring of protection (left hand)
 q - a ring of protection from fire
Scrolls
 b - a scroll of poison
 d - 3 scrolls of teleportation {unknown}
 k - 4 scrolls of identify {unknown}
 o - 2 scrolls of vulnerability {unknown}
 p - a scroll of immolation {unknown}
 s - a scroll of butterflies {unknown}
Potions
 g - a potion of curing {unknown}
 i - 2 potions of haste
 j - 3 potions of mutation {unknown}
 l - 2 potions of heal wounds {unknown}
 m - a potion of flight {unknown}
 n - 2 potions of attraction {unknown}
 r - a potion of degeneration {unknown}


   Skills:
 - Level 1.0 Fighting
 + Level 4.6 Ranged Weapons
 - Level 3.0 Dodging
 + Level 4.0 Spellcasting
 - Level 4.0 Hexes
 - Level 2.0 Necromancy
 + Level 1.4 Transmutations


You had 4 spell levels left.
You knew the following spells:

 Your Spells              Type           Power      Damage    Failure   Level
a - Slow                  Hex            72%        N/A       2%          1
b - Necrotise             Necr           40%        1d6       6%          1
c - Cause Fear            Hex            9%         N/A       28%         4
d - Blink                 Tloc           6%         N/A       22%         2

Your spell library contained the following spells:

 Spells                   Type           Power      Damage    Failure   Level
 Ensorcelled Hibernation  Hex/Ice        20%        N/A       10%         2
 Sandblast                Erth           6%         2d5       14%         1
 Passwall                 Tmut/Erth      5%         N/A       17%         2
 Inner Flame              Hex/Fire       10%        N/A       19%         3
 Portal Projectile        Hex/Tloc       20%        N/A       19%         3
 Vampiric Draining        Necr           10%        2d6       19%         3
 Momentum Strike          Conj/Tloc      6%         3d8       22%         2
 Spider Form              Tmut/Pois      6%         N/A       32%         3
 Anguish                  Hex/Necr       7%         N/A       38%         4
 Lesser Beckoning         Tloc           6%         N/A       41%         3
 Stone Arrow              Conj/Erth      6%         3d7       41%         3
 Agony                    Necr           10%        N/A       87%         5
 Conjure Ball Lightning   Conj/Air       1%         3x3d6     100%        6
 Discord                  Hex            9%         N/A       100%        8
 Disjunction              Tloc           1%         N/A       100%        8


Dungeon Overview and Level Annotations

Branches:
Dungeon (4/15)
 Temple: D:4-7

Altars:

Shops:
D:1 !(!:

Annotations:
D:3 Grinder, Ijyb


Message History

You resist with some effort. The kobold barely misses you.
Non-targeted confused fire: a) +1 sling
Press: ? - help, Q - select action, (/) - cycle Dir - look around, f - activate You shoot a sling bullet.
Ijyb completely misses you. The adder completely misses you.
The kobold hits you with a +0 whip.
Ijyb zaps a wand.
You resist with some effort.
The now-empty wand crumbles to dust.
The adder bites you but does no damage. The kobold closely misses you.
Ijyb hits you with a +4 dagger of speed.
You bump into the rock wall.
Ijyb hits you with a +4 dagger of speed.
* * * LOW HITPOINT WARNING * * *
The adder misses you. The kobold misses you.
The kobold attacks as you move away! The kobold closely misses you.
Ijyb screams, "Die!"
The adder barely misses you.
A dart slug comes into view.
You feel less confused. Ijyb barely misses you. The kobold misses you.
Ijyb hits you with a +4 dagger of speed.
* * * LOW HITPOINT WARNING * * *
There is an escape hatch in the floor here.
The kobold attacks as you move away! The kobold completely misses you.
Ijyb attacks as you move away! Ijyb hits you but does no damage.
The kobold misses you.
Fire: a) +1 sling
Press: ? - help, Q - select action, (/) - cycle Shift-Dir - straight line, f - Ijyb
Aim: Ijyb, wielding a +4 dagger of speed and wearing a +0 leather armour of cold resistance (53% to hit)
You shoot a sling bullet. The sling bullet hits Ijyb.
Ijyb is lightly wounded.
Ijyb hits you with a +4 dagger of speed.
* * * LOW HITPOINT WARNING * * *
Fire: a) +1 sling
Press: ? - help, Q - select action, (/) - cycle Shift-Dir - straight line, f - adder, p - Ijyb
Aim: an adder (moderately wounded, slow, 42% to hit)
You shoot a sling bullet. The sling bullet barely misses Ijyb.
The sling bullet closely misses the adder.
Ijyb hits you with a +4 dagger of speed!
You die...

...............####.#............
#############..# #.###.#...#####
# .# #.# #.##..#
#############..####.###.##..#
............. ......#.......#
############# #....###...... # #.
#.w..# ..###. # #..###K>..###..#
# #...@gS........# #
##.###..###.##.# # # #..# .# #
..... . ##..### ## ..$# #...#
....


You could see Ijyb, an adder (slow), a dart slug and a kobold.

Vanquished Creatures
  A hound (D:4)
  Jessica (D:2)
  Terence (D:3)
  4 adders
  A worm (D:2)
  2 dart slugs
  3 ball pythons
  5 endoplasms
  7 hobgoblins
  3 kobolds
  4 quokkas
  2 bats
  A frilled lizard (D:2)
  3 goblins (D:1)
  4 rats
42 creatures vanquished.

Vanquished Creatures (others)
  A fungus (D:2)
1 creature vanquished.

Grand Total: 43 creatures vanquished

Notes
Turn   | Place    | Note
-------+----------+-------------------------------------------
     0 | D:1      | Devinter the Deep Elf Hexslinger began the quest for the
                  | Orb.
     0 | D:1      | Reached XP level 1. HP: 11/11 MP: 5/5
    30 | D:1      | Found Femekhluc's Distillery.
    73 | D:1      | Reached skill level 1 in Fighting
   115 | D:1      | Reached skill level 3 in Ranged Weapons
   129 | D:1      | Reached skill level 2 in Spellcasting
   129 | D:1      | Reached XP level 2. HP: 15/16 MP: 5/7
   162 | D:1      | Learned a level 1 spell: Necrotise
   165 | D:1      | Found Vogarch's Antique Weapon Boutique.
   192 | D:1      | Found Mibrev's Distillery.
   200 | D:1      | Found Ecwun's Book Shop.
   576 | D:2      | Reached skill level 3 in Dodging
   579 | D:2      | Reached skill level 1 in Necromancy
   579 | D:2      | Reached XP level 3. HP: 18/20 MP: 5/8
   644 | D:2      | Noticed Jessica
   660 | D:2      | Killed Jessica
   661 | D:2      | Reached skill level 3 in Spellcasting
   863 | D:2      | Reached XP level 4. HP: 25/25 MP: 10/10
   869 | D:2      | Reached skill level 2 in Necromancy
   881 | D:2      | Learned a level 4 spell: Cause Fear
   942 | D:2      | Found a faded altar of an unknown god.
  1034 | D:2      | Reached skill level 4 in Ranged Weapons
  1049 | D:2      | Learned a level 2 spell: Blink
  1320 | D:3      | Noticed Terence
  1337 | D:3      | Killed Terence
  1415 | D:3      | Reached skill level 1 in Transmutations
  1448 | D:3      | Noticed Grinder
  1448 | D:3      | Noticed Ijyb
  1459 | D:3      | Paralysed by Grinder for 5 turns
  1471 | D:3      | Paralysed by Grinder for 5 turns
  1606 | D:4      | Reached skill level 4 in Spellcasting
  1606 | D:4      | Reached XP level 5. HP: 26/29 MP: 11/13
  1691 | D:3      | Slain by Ijyb

Illustrated notes

Levels and vault maps discovered:
D:1:      lemuel_arrival_cross, layout_rooms, serial_shops,
          nicolae_shop_advertising_works [nicolae_subvault_shop_adworks], shop,
          shop, shop
D:2:      layout_loops_ring, shapermc_ecumenical_altar_petra, uniq_jessica
D:3:      layout_loops_ring, mainiacjoe_overflow_small_starburst, uniq_ijyb,
          uniq_terence, uniq_grinder
D:4:      wad_pebble_path, layout_layer_cave

Skill      XL: |  1  2  3  4 |
---------------+-------------+-----
Fighting       | 1 |  1.0
Ranged Weapons | 3 4 |  4.6
Spellcasting   | 2 3 4 |  4.0
Dodging        | 3 |  3.0
Necromancy     | 1 2 |  2.0
Transmutations | 1 |  1.4
Hexes          | |  4.0

Action                   |  1- 3 |  4- 6 || total
-------------------------+-------+-------++-------
 Fire: Sling             |    71 |    73 ||   144
 Cast: Slow              |    15 |    10 ||    25
       Necrotise         |    10 |       ||    10
  Use: Potion            |     1 |     1 ||     2
Armor: Robe              |     5 |    16 ||    21
Dodge: Dodged            |    22 |    42 ||    64

Table legend: (Time is in decaauts)
 A = Elapsed time spent in this place.
 B = Non-inter-level travel time spent in this place.
 C = Inter-level travel time spent in this place.
 D = Time resting spent in this place.
 E = Time spent auto-exploring this place.
 F = Levels seen in this place.
 G = Mean time per level.
                   A        B        C        D        E       F      G
               +--------+--------+--------+--------+--------+-----+--------+
         Total |   1687 |   1654 |     33 |    149 |    337 |   4 |  421.8 |
       Dungeon |   1687 |   1654 |     33 |    149 |    337 |   4 |  421.8 |
               +--------+--------+--------+--------+--------+-----+--------+

Top non-repeatable levels by time:
     D:2: 734 daAuts
     D:1: 505 daAuts
     D:3: 293 daAuts
     D:4: 154 daAuts
